 Dungeon Crawl Stone Soup version 0.26-a0-52-gd53d4cd058 (webtiles) character file.

Game seed: 3957485654941447010

53793 vurker the Stormcaller (level 14, -16/88 HPs)
             Began as a Tengu Air Elementalist on June 6, 2020.
             Was an Elder of Vehumet.
             Shot with a bolt by an orc warrior (17 damage)
             ... on level 2 of the Orcish Mines.
             The game lasted 00:50:24 (32211 turns).

vurker the Stormcaller (Tengu Air Elementalist)    Turns: 32211, Time: 00:50:24

Health: -16/88     AC:  5    Str: 14    XL:     14   Next: 70%
Magic:  28/32      EV: 18    Int: 26    God:    Vehumet [****..]
Gold:   1379       SH:  5    Dex: 16    Spells: 11/39 levels left

rFire    + + +     SeeInvis .   j - staff of cold
rCold    + + .     Gourm    .   J - +0 buckler
rNeg     . . .     Faith    .   k - +2 robe {rC+ rF+}
rPois    +         Spirit   .   (helmet restricted)
rElec    .         Reflect  .   q - +0 cloak
rCorr    .         Harm     .   (no gloves)
MR       +....                  (boots unavailable)
Stlth    ++........             (no amulet)
HPRegen  0.24/turn              p - ring "Syrryt" {*Drain rPois rF++ Str+6}
MPRegen  0.23/turn              h - +6 ring of intelligence

@: flying quickly and evasively, very slightly contaminated, quick
A: beak, talons 3, able to fly
a: Stop Flying, Renounce Religion


You were on level 2 of the Orcish Mines.
You worshipped Vehumet.
Vehumet was greatly pleased with you.
You were not hungry.

You visited 4 branches of the dungeon, and saw 20 of its levels.

You collected 1744 gold pieces.
You spent 365 gold pieces at shops.

Inventory:

Missiles
 M - 2 throwing nets (quivered)
Armour
 k - a +2 robe of resistance (worn)
   (You took it off Sigmund on level 2 of the Dungeon)
 q - a +0 cloak (worn)
   (You found it on level 7 of the Dungeon)
 J - a +0 buckler (worn)
   (You found it on level 1 of the Lair of Beasts)
Magical Staves
 j - an uncursed staff of cold (weapon)
   (You bought it in a shop on level 4 of the Dungeon)
Jewellery
 h - a +6 ring of intelligence (right hand)
   (You found it on level 1 of the Dungeon)
 p - the ring "Syrryt" (left hand) {*Drain rPois rF++ Str+6}
   (You found it on level 5 of the Dungeon)

   [ring of strength]

   It affects your strength (+6).
   It greatly protects you from fire.
   It protects you from poison.
   It causes draining when unequipped.
 x - an uncursed ring of see invisible
   (You found it on level 1 of the Dungeon)
 D - an uncursed ring of protection from cold
   (You found it on level 3 of the Lair of Beasts)
 E - an uncursed ring of resist corrosion
   (You found it on level 4 of the Lair of Beasts)
 F - an uncursed ring of positive energy
   (You found it on level 8 of the Dungeon)
 N - an uncursed ring of protection from magic
   (You found it on level 4 of the Lair of Beasts)
Wands
 c - a wand of disintegration (15)
   (You found it on level 11 of the Dungeon)
 d - a wand of iceblast (6)
   (You found it on level 2 of the Lair of Beasts)
 t - a wand of flame (19)
   (You took it off Ijyb on level 5 of the Dungeon)
 u - a wand of paralysis (11)
   (You found it on level 4 of the Dungeon)
 A - a wand of enslavement (13)
   (You found it on level 8 of the Dungeon)
 C - a wand of polymorph (21)
   (You found it on level 8 of the Dungeon)
 O - a wand of clouds (5)
   (You found it on level 5 of the Lair of Beasts)
Scrolls
 f - 13 scrolls of teleportation
 i - 6 scrolls of magic mapping
 m - a scroll of fog
 n - a scroll of fear
 o - 7 scrolls of enchant armour
 r - 3 scrolls of blinking
 s - 3 scrolls of amnesia
 y - 3 scrolls of enchant weapon
 G - a scroll of silence
 K - 6 scrolls of remove curse
Potions
 a - 6 potions of mutation
 b - 6 potions of lignification
 g - a potion of ambrosia
 l - 2 potions of invisibility
 w - 3 potions of heal wounds
 z - a potion of resistance
 B - 3 potions of curing
 H - 4 potions of brilliance
 I - a potion of haste
Miscellaneous
 L - a phantom mirror
Comestibles
 e - 41 rations


   Skills:
 + Level 10.3 Fighting
 - Level 5.0 Armour
 - Level 5.0 Dodging
 - Level 2.0 Stealth
 - Level 4.0 Shields
 * Level 13.2 Spellcasting
 + Level 13.1 Conjurations
 + Level 16.6 Air Magic


You had 11 spell levels left.
You knew the following spells:

 Your Spells              Type           Power        Failure   Level  Hunger
a - Shock                 Conj/Air       ####         0%          1    None
b - Lightning Bolt        Conj/Air       #######...   1%          5    ##.....
c - Airstrike             Air            #######...   1%          4    None
d - Conjure Ball Lightni  Conj/Air       #######...   1%          6    #####..
p - Apportation           Tloc           ###...       3%          1    None
q - Irradiate             Conj/Tmut      ######....   1%          5    ##.....
z - Freezing Cloud        Conj/Ice/Air   #######...   2%          6    #####..

Your spell library contained the following spells:

 Spells                   Type           Power        Failure   Level  Hunger
 Static Discharge         Conj/Air       #######.     0%          3    None
 Foxfire                  Conj/Fire      ####         1%          1    None
 Poisonous Vapours        Pois/Air       ######       1%          2    None
 Swiftness                Chrm/Air       ######..     1%          2    None
 Conjure Flame            Conj/Fire      ######..     1%          3    None
 Mephitic Cloud           Conj/Pois/Air  ######..     1%          3    None
 Sticky Flame             Conj/Fire      ######..     1%          4    None
 Fireball                 Conj/Fire      ######....   1%          5    ##.....
 Inner Flame              Hex/Fire       ###.....     2%          3    None
 Animate Skeleton         Necr           N/A          3%          1    None
 Corona                   Hex            ###....      3%          1    None
 Summon Small Mammal      Summ           ###.         3%          1    None
 Slow                     Hex            ###.....     4%          2    None
 Confusing Touch          Hex            ###.....     10%         3    None
 Gell's Gravitas          Tloc           ###.......   10%         3    None
 Portal Projectile        Hex/Tloc       ###...       10%         3    None
 Yara's Violent Unravell  Hex/Tmut       ###.......   24%         5    ##.....
 Cause Fear               Hex            ###.......   32%         4    None
 Leda's Liquefaction      Hex/Erth       ###.......   32%         4    None
 Petrify                  Tmut/Erth      ###.....     32%         4    None
 Metabolic Englaciation   Hex/Ice        ####......   67%         5    ##.....
 Ring of Flames           Chrm/Fire      ###.......   100%        7    ######.


Dungeon Overview and Level Annotations

Branches:
Dungeon (11/15)            Temple (1/1) D:6            Lair (6/6) D:10
 Shoals (0/4) Lair:4        Snake (0/4) Lair:3        Slime (0/5) Lair:5
    Orc (2/2) D:10
    Elf: Orc:2

Altars:
Ashenzari
Cheibriados
Elyvilon
Fedhas
Gozag
Hepliaklqana
Kikubaaqudgha
Makhleb
Nemelex Xobeh
Okawaru
Qazlal
Trog
Uskayaw
Vehumet
Wu Jian
Xom
The Shining One
Beogh
Jiyva

Shops:
D:4 *}   D:7 *   D:8 (   Orc:1 =

Annotations:
Lair:2 1 runed translucent door, Sezoajol's ghost, journeyman DrTm


Innate Abilities, Weirdness & Mutations

You have a beak for a mouth.
You have claws for feet.
You can fly continuously.


Message History

The orcs go into a battle-frenzy!
The centaur misses you.
The orc warrior unwields a +0 morningstar.
The orc warrior wields a +0 arbalest.
The orc warrior shoots a bolt.
You block the bolt.
There is a stone staircase leading up, spattered with blood here.
Things that are here:
3 bolts; 4 arrows Unknown command.
You erupt in a fountain of uncontrolled magic!
The orc warrior is blasted with magical radiation!!
The orc warrior twists and deforms.
The orc priest is blasted with magical radiation!!!
You kill the orc priest!
Vehumet accepts your kill.
The orc is blasted with magical radiation!!!
You kill the orc!
Vehumet accepts your kill.
You feel your power returning.
The centaur is blasted with magical radiation!!
You kill the centaur!
Vehumet accepts your kill.
You are very lightly contaminated with residual magic.
You hear a shout! x3
The centaur wields a +0 shortbow.
The centaur shoots an arrow.
The arrow hits you!
The orc warrior hits you with a +0 battleaxe!!
* * * LOW HITPOINT WARNING * * *
The orc warrior unwields a +0 broad axe.
The orc warrior wields a +0 arbalest.
The orc warrior shoots a bolt.
The bolt completely misses you.
The orc knight roars a battlecry!
The orc warrior goes into a battle-frenzy!
The orc warrior shoots a bolt.
The bolt closely misses you.
You hear a splash.
The orc knight hits you from afar with a +0 glaive.
* * * LOW HITPOINT WARNING * * *
Unknown command.
The centaur shoots an arrow.
The arrow hits you!
* * * LOW HITPOINT WARNING * * *
The orc warrior shoots a bolt.
You block the bolt.
The orc knight roars a battlecry!
The orcs go into a battle-frenzy!
The orc warrior barely misses you.
The centaur shoots an arrow.
The arrow hits you!
* * * LOW HITPOINT WARNING * * *
The orc warrior unwields a +0 great mace.
The orc warrior wields a +0 arbalest.
The orc warrior shoots a bolt.
The bolt hits you!
You die...

..........
.............(
............(#
.......$....<##
......$...oo))......
.$....#..ooo...o....
....(.Too...##....
#.o).coo.##.)...
#.@)oo..##).##.
#.))o..o....o##
...o.o......o..##.#.
.......o......o.<(...#
#...##..##o.##..o.(##.##
#≈≈. .... ...##.o#.# #≈≈
.... ...#...[. ## ≈≈...
..... #[# ..#. ##.


You could see 3 orc knights, a troll, 12 orc warriors, a centaur, an orc wizard
(strong) and 2 orcs.

Vanquished Creatures
  3 hydras
  3 catoblepae (Lair:6)
  2 two-headed ogres
  An orc high priest (Orc:2)
  16 death yaks (Lair:6)
  Nergalle (D:11)
  2 unseen horrors
  5 orc knights
  An orc sorcerer (Orc:1)
  An ugly thing (D:11)
  2 manticores (Lair:6)
  13 elephants
  2 merfolk sirens (Lair:4)
  Maurice (D:8)
  4 black mambas
  8 spiny frogs
  A centaur skeleton (D:8)
  A rime drake (Lair:6)
  3 komodo dragons
  7 trolls
  2 merfolk (Lair:4)
  9 blink frogs
  2 dream sheep (D:8)
  10 hippogriffs
  A wraith (D:11)
  Sigmund (D:2)
  A wyvern (Lair:4)
  3 basilisks
  25 yaks
  A hungry ghost (D:6)
  5 wargs
  Menkaure (D:7)
  6 water moccasins
  14 porcupines
  A phantom (D:7)
  21 orc warriors
  A swamp drake (D:10)
  2 ice beasts
  3 sky beasts
  A black bear (D:6)
  14 ogres
  5 wolves (Lair:1)
  9 centaurs
  9 crocodiles
  4 big kobolds
  13 bullfrogs
  Blork the orc (D:4)
  3 scorpions
  10 killer bees (D:10)
  3 wights (D:8)
  7 howler monkeys
  An electric eel (D:7)
  6 crimson imps
  A quasit (D:5)
  4 hounds
  5 jellies
  13 orc priests
  Jessica (D:3)
  Ijyb (D:5)
  Terence (D:2)
  7 iguanas
  12 orc wizards
  5 hell rats (Lair:5)
  9 worker ants
  A hound zombie (D:5)
  A worker ant zombie (D:6)
  Robin (D:4)
  15 adders
  A shadow imp (D:7)
  2 oozes
  4 worms
  3 dart slugs
  3 leopard geckos
  75 orcs
  10 bats
  8 giant cockroaches
  19 goblins
  14 hobgoblins
  10 jackals
  5 quokkas
  3 ball pythons
  6 frilled lizards
  2 jackal skeletons
  A jackal zombie (D:6)
  7 kobolds
  2 leopard gecko zombies (D:6)
  10 rats
534 creatures vanquished.

Vanquished Creatures (others)
  2 ball lightnings (Orc:1)
  8 bushes (Lair:6)
  8 fungi
  13 plants
31 creatures vanquished.

Grand Total: 565 creatures vanquished

Notes
Turn   | Place    | Note
-------+----------+-------------------------------------------
     0 | D:1      | vurker the Tengu Air Elementalist began the quest for the
                  | Orb.
     0 | D:1      | Reached XP level 1. HP: 10/10 MP: 4/4
   194 | D:1      | Reached XP level 2. HP: 16/16 MP: 0/6
   716 | D:1      | Reached XP level 3. HP: 20/20 MP: 0/7
  1251 | D:2      | Reached skill level 1 in Fighting
  1318 | D:2      | Noticed Terence
  1326 | D:2      | Killed Terence
  1326 | D:2      | Reached XP level 4. HP: 25/25 MP: 4/9
  1391 | D:2      | Reached skill level 5 in Air Magic
  1799 | D:2      | Gained mutation: You can fly continuously. [Tengu growth]
  1799 | D:2      | Reached XP level 5. HP: 29/29 MP: 6/10
  1845 | D:2      | Learned a level 5 spell: Lightning Bolt
  1850 | D:2      | Learned a level 4 spell: Airstrike
  2030 | D:2      | Noticed Sigmund
  2044 | D:2      | Killed Sigmund
  2044 | D:2      | Reached skill level 6 in Air Magic
  2044 | D:2      | Reached XP level 6. HP: 17/35 MP: 3/12
  2215 | D:2      | Found a stormy altar of Qazlal.
  2485 | D:2      | Found a white marble altar of Elyvilon.
  3603 | D:3      | Found an iron altar of Okawaru.
  3869 | D:3      | Noticed Jessica
  3872 | D:3      | Killed Jessica
  4035 | D:4      | Noticed Robin
  4409 | D:4      | Killed Robin
  4437 | D:4      | Found Imuveur's Gadget Emporium.
  4451 | D:4      | Found Xonouroq's Assorted Antiques.
  4507 | D:4      | Reached XP level 7. HP: 28/40 MP: 6/14
  4602 | D:4      | Got a crystal mace
  4603 | D:4      | Identified the +5 mace of Gozag's Generosity {venom, rC-
                  | Str+6 Dex+3 SInv} (You found it on level 4 of the Dungeon)
  4647 | D:4      | Bought a scroll labeled PAEWKE SUETODOOT for 23 gold pieces
  4647 | D:4      | Bought a scroll labeled ANOTTANIOTI for 23 gold pieces
  4647 | D:4      | Bought a scroll labeled LENILE ZODAE for 23 gold pieces
  5127 | D:4      | Noticed Blork the orc
  5134 | D:4      | Killed Blork the orc
  5134 | D:4      | Reached skill level 7 in Air Magic
  5375 | D:4      | Found a hazy altar of Hepliaklqana.
  5806 | D:5      | Entered Level 5 of the Dungeon
  5850 | D:5      | Noticed Ijyb
  5998 | D:5      | Killed Ijyb
  5998 | D:5      | Reached skill level 5 in Spellcasting
  5998 | D:5      | Reached XP level 8. HP: 46/46 MP: 7/16
  6214 | D:5      | Reached skill level 8 in Air Magic
  6450 | D:5      | Learned a level 1 spell: Apportation
  6486 | D:5      | Reached skill level 5 in Conjurations
  6493 | D:5      | Found a blossoming altar of Fedhas.
  6634 | D:5      | Found an ancient bone altar of Kikubaaqudgha.
  6846 | D:5      | Got a crude turquoise ring
  6848 | D:5      | Identified the ring "Syrryt" {*Drain rPois rF++ Str+6} (You
                  | found it on level 5 of the Dungeon)
  7818 | D:5      | Reached skill level 9 in Air Magic
  8028 | D:6      | Reached XP level 9. HP: 52/52 MP: 6/19
  8489 | D:6      | Found a staircase to the Ecumenical Temple.
  8605 | Temple   | Entered the Ecumenical Temple
  8640 | Temple   | Became a worshipper of Vehumet
  8831 | D:6      | Found a snail-covered altar of Cheibriados.
  8996 | D:6      | Reached skill level 10 in Air Magic
  9220 | D:4      | Bought a long smoking staff for 276 gold pieces
  9741 | D:7      | Noticed a troll
  9751 | D:7      | Reached skill level 5 in Fighting
  9752 | D:7      | Noticed Menkaure
  9756 | D:7      | Killed Menkaure
 10207 | D:7      | Killed a troll
 10207 | D:7      | Reached skill level 11 in Air Magic
 10290 | D:7      | Found Ostrarel's Assorted Antiques.
 10293 | D:7      | Bought a scroll labeled JUOWEKO XUEDYXT for 20 gold pieces
 10463 | D:7      | Reached XP level 10. HP: 50/59 MP: 9/22
 10644 | D:7      | Found a burning altar of Makhleb.
 10846 | D:7      | Found an iron altar of Okawaru.
 11156 | D:8      | Reached * piety under Vehumet
 11156 | D:8      | Offered knowledge of Freeze by Vehumet.
 11169 | D:8      | Noticed Maurice
 11303 | D:8      | Killed Maurice
 11426 | D:8      | Noticed a two-headed ogre
 11430 | D:8      | Killed a two-headed ogre
 11430 | D:8      | Reached skill level 12 in Air Magic
 11948 | D:8      | Noticed a two-headed hydra
 11951 | D:8      | Killed a two-headed hydra
 11951 | D:8      | Reached XP level 11. HP: 58/66 MP: 12/25
 12204 | D:8      | Found a bloodstained altar of Trog.
 12292 | D:8      | Found Tuteom's Antique Weapon Shoppe.
 12896 | D:9      | Reached skill level 13 in Air Magic
 13086 | D:9      | Offered knowledge of Searing Ray by Vehumet.
 13154 | D:9      | Reached ** piety under Vehumet
 13681 | D:9      | Found an ornate altar of the Wu Jian Council.
 13683 | D:9      | Found a shattered altar of Ashenzari.
 13748 | D:9      | Noticed a two-headed ogre
 13752 | D:9      | Killed a two-headed ogre
 13898 | D:10     | Entered Level 10 of the Dungeon
 14161 | D:10     | Found a staircase to the Lair.
 14493 | D:10     | Noticed an unseen horror
 14496 | D:10     | Killed an unseen horror
 14727 | D:10     | Found a shimmering altar of Xom.
 14850 | D:10     | Offered knowledge of Ignite Poison by Vehumet.
 14866 | D:10     | Reached *** piety under Vehumet
 15001 | D:10     | Found a staircase to the Orcish Mines.
 15392 | D:11     | Noticed Nergalle
 15601 | D:11     | Killed Nergalle
 15601 | D:11     | Reached skill level 10 in Spellcasting
 16129 | D:11     | Noticed a brown ugly thing
 16182 | D:11     | Reached skill level 14 in Air Magic
 16396 | D:11     | Reached skill level 10 in Conjurations
 16806 | D:11     | Offered knowledge of Fulminant Prism by Vehumet.
 16870 | D:11     | Reached XP level 12. HP: 70/72 MP: 17/27
 17442 | Lair:1   | Entered Level 1 of the Lair of Beasts
 18434 | Lair:1   | Reached **** piety under Vehumet
 18434 | Lair:1   | Reached skill level 1 in Shields
 18511 | Lair:1   | Got a scorched scale mail
 18534 | Lair:1   | Identified the +4 scale mail "Folimuymy" {Harm rC- rN+++
                  | Dex+4} (You found it on level 1 of the Lair of Beasts)
 19428 | Lair:2   | Found a runed translucent door.
 19430 | Lair:2   | Noticed Sezoajol's ghost (journeyman DrTm)
 19442 | Lair:2   | Reached skill level 15 in Air Magic
 20135 | Lair:3   | Found a staircase to the Snake Pit.
 20444 | Lair:3   | Reached skill level 1 in Armour
 20963 | Lair:3   | Offered knowledge of Irradiate by Vehumet.
 21098 | Lair:3   | Learned a level 5 spell: Irradiate
 21537 | Lair:4   | Reached XP level 13. HP: 79/79 MP: 18/29
 21679 | Lair:4   | Found a staircase to the Shoals.
 21768 | Lair:4   | Learned a level 6 spell: Freezing Cloud
 22536 | Lair:5   | You are sucked into a shaft and drop 1 floor!
 22536 | Lair:6   | Entered Level 6 of the Lair of Beasts
 24599 | Lair:5   | Found a viscous altar of Jiyva.
 24600 | Lair:5   | Found a staircase to the Slime Pits.
 24984 | Lair:6   | Reached skill level 5 in Dodging
 25881 | Lair:6   | Reached skill level 5 in Armour
 25881 | Lair:6   | Reached XP level 14. HP: 86/86 MP: 17/31
 25882 | Lair:6   | Reached skill level 16 in Air Magic
 26730 | Lair:6   | Reached ***** piety under Vehumet
 26732 | Lair:6   | Offered knowledge of Conjure Ball Lightning by Vehumet.
 26740 | Lair:6   | Learned a level 6 spell: Conjure Ball Lightning
 28127 | Lair:6   | Reached skill level 10 in Fighting
 28532 | Orc:1    | Entered Level 1 of the Orcish Mines
 28532 | Orc:1    | Found Horph's Jewellery Boutique.
 30661 | Orc:1    | Found a roughly hewn altar of Beogh.
 31045 | Orc:2    | Entered Level 2 of the Orcish Mines
 32211 | Orc:2    | HP: 1/88 [centaur/arrow (15)]
 32211 | Orc:2    | Shot with a bolt by an orc warrior

Illustrated notes

Levels and vault maps discovered:
D:1:      dpeg_arrival_boxorama, layout_rooms, st_stairs_1
D:2:      layout_basic, grunt_qazlal_clouds, elyvilon_altar_3, uniq_sigmund,
          uniq_terence
D:3:      layout_basic, kennysheep_okawaru_gauntlet, first_ration,
          item_on_display_a, uniq_jessica
D:4:      layout_rooms, lemuel_doored_altar, serial_co_window_serial,
          co_window_corner_a, co_window_paths_b, co_window_paths_b,
          co_window_corner_a, co_window_paths_a, co_window_corner_b,
          co_window_2corner, co_window_corner_cb, co_window_cross_4,
          co_window_4corner_b, co_window_sun, glass_columns_c, glass_columns_a,
          glass_columns_b, serial_shops, shop_statue,
          nicolae_shop_overgrown_old_shop, uniq_robin, uniq_blork_the_orc
D:5:      layout_cave_pools, kennysheep_mini_moat, lemuel_round_altar,
          serial_column_ruins, column_ruins_hut_ruined, column_ruins_open_small,
          column_ruins_grid_1, column_ruins_grid_2, column_ruins_open_tiny,
          column_ruins_open_small, column_ruins_columns_dead_end, uniq_ijyb
D:6:      black_bear_nest_2, layout_rooms, lemuel_coloured_pillars_altar,
          temple_hall
D:7:      kennysheep_big_flooded_room, layout_loops_ring, marbit_many_paths,
          serial_shops, shop, basic_altar, uniq_menkaure
D:8:      layout_cave_pools, lightli_temple_of_fire, serial_shops,
          nicolae_shop_statue_plus, hangedman_ranch [blue_anna_fruit_fields],
          uniq_maurice
D:9:      layout_big_octagon, chequers_temple_overflow_statue_of_worship
D:10:     layout_long_grid, grunt_lair_entry_orc_guard_hut, erik_orc_1,
          xom_teletrap_fun
D:11:     layout_basic, statue_in_the_mist_lemuel, uniq_nergalle
Temple:   jpeg_temple_clearing
Lair:1:   layout_cave_pods
Lair:2:   layout_regular_city, ebering_ghost_inner_flame
Lair:3:   layout_misc_corridors, dummy_snake_entry, grunt_megastairs_1
Lair:4:   layout_cave_shapes, elwin_shoals_entry_stream
Lair:5:   layout_big_grid, dpeg_slime_entry_enclosed_altar
Lair:6:   evilmike_catoblepas_cave, layout_regular_city,
          infiniplex_staircase_pool
Orc:1:    layout_caves, serial_shops, shop, special_room [special_room_orc],
          lightli_orcish_oven
Orc:2:    st_orc_rangers, layout_caves, enter_volcano_1, basic_altar

Skill      XL: |  1  2  3  4  5  6  7  8  9 10 11 12 13 14 |
---------------+-------------------------------------------+-----
Conjurations   | 2 3 4 6 7 8 10 11 12 13 | 13.1
Fighting       | 1 2 3 4 5 6 7 8 9 10 | 10.3
Air Magic      | 5 6 7 9 11 12 14 15 16 | 16.6
Spellcasting   | 3 4 5 6 7 9 10 11 12 13 | 13.2
Shields        | 3 4 |  4.0
Armour         | 2 5 |  5.0
Dodging        | 3 5 |  5.0
Stealth        | |  2.0

Action                   |  1- 3 |  4- 6 |  7- 9 | 10-12 | 13-15 || total
-------------------------+-------+-------+-------+-------+-------++-------
Melee: Unarmed           |     7 |       |       |       |       ||     7
       Kick              |     3 |       |     1 |     5 |       ||     9
       Peck              |     2 |       |     3 |     3 |     1 ||     9
       Staff             |       |       |     5 |    10 |     1 ||    16
 Cast: Shock             |    69 |   154 |   257 |   225 |    10 ||   715
       Airstrike         |       |     1 |    51 |   231 |   364 ||   647
       Lightning Bolt    |       |       |     1 |    10 |    43 ||    54
       Irradiate         |       |       |       |       |     6 ||     6
       Conjure Ball Ligh |       |       |       |       |     1 ||     1
 Abil: Fly               |       |     1 |       |       |       ||     1
Evoke: Wand              |       |       |     3 |    10 |    10 ||    23
  Use: Potion            |       |     1 |       |       |     2 ||     3
       Scroll            |       |       |    13 |    17 |       ||    30
 Stab: Confused          |       |       |       |     2 |       ||     2
  Eat: Chunk             |     2 |     9 |    16 |    33 |    30 ||    90
       Ration            |       |       |     2 |     1 |     2 ||     5
Armor: Robe              |     1 |     5 |    31 |    21 |    14 ||    72
Dodge: Dodged            |     4 |    29 |    95 |    83 |    95 ||   306
Block: Buckler           |       |       |       |     7 |    41 ||    48

Table legend:
 A = Non-vault XP
 B = Vault XP
 C = Vault XP percentage of total XP
 D = Non-vault monster count
 E = Vault monster count
 F = Vault count percentage of total count
                 A         B        C        D         E       F
            +---------+---------+-------+---------+---------+-------
      Total |   50973 |   25875 |  33.7 |     407 |     127 |  23.8
            +---------+---------+-------+---------+---------+-------
        D:1 |      38 |       3 |   7.3 |      24 |       2 |   7.7
        D:2 |     125 |     256 |  67.2 |      28 |       2 |   6.7
        D:3 |      87 |      51 |  37.0 |      30 |       9 |  23.1
        D:4 |     494 |     113 |  18.6 |      21 |       6 |  22.2
        D:5 |     824 |      36 |   4.2 |      25 |       1 |   3.8
        D:6 |     956 |     128 |  11.8 |      27 |       1 |   3.6
        D:7 |    1170 |     594 |  33.7 |      22 |       4 |  15.4
        D:8 |    2444 |    2621 |  51.7 |      21 |       9 |  30.0
        D:9 |    2523 |       0 |   0.0 |      22 |       0 |   0.0
       D:10 |    2948 |    1137 |  27.8 |      30 |      21 |  41.2
       D:11 |    3588 |     808 |  18.4 |      18 |       1 |   5.3
     Lair:1 |    4995 |       0 |   0.0 |      24 |       0 |   0.0
     Lair:2 |     672 |     209 |  23.7 |       6 |       1 |  14.3
     Lair:3 |    2049 |    1221 |  37.3 |       8 |       6 |  42.9
     Lair:4 |    4862 |    1522 |  23.8 |      15 |       4 |  21.1
     Lair:5 |    5211 |       0 |   0.0 |      24 |       0 |   0.0
     Lair:6 |   14015 |   12115 |  46.4 |      24 |      23 |  48.9
      Orc:1 |    2575 |    4495 |  63.6 |      28 |      31 |  52.5
      Orc:2 |    1397 |     566 |  28.8 |      10 |       6 |  37.5
            +---------+---------+-------+---------+---------+-------
